 Dungeon Crawl Stone Soup version 0.24-a0-264-gf46a388 (webtiles) character file.

Game seed: 9099196826205577476

26 Hasart the Cutter (level 3, -3/22 HPs)
             Began as a Kobold Gladiator on Apr 20, 2019.
             Killed by nerve-wracking pain
             ... invoked by a shadow imp
             ... summoned by Natasha
              (10 damage)
             ... on level 2 of the Dungeon.
             The game lasted 00:02:01 (970 turns).

Hasart the Cutter (Kobold Gladiator)                 Turns: 970, Time: 00:02:02

Health: -3/22      AC:  4    Str: 12    XL:     3   Next: 22%
Magic:  3/3        EV: 16    Int:  9    God:
Gold:   26         SH:  0    Dex: 16    Spells: 2/2 levels left

rFire    . . .     SeeInvis .   a - +0 rapier
rCold    . . .     Gourm    .   (shield restricted)
rNeg     . . .     Faith    .   b - +0 leather armour
rPois    .         Spirit   .   c - +0 helmet
rElec    .         Reflect  .   (no cloak)
rCorr    .         Harm     .   (no gloves)
MR       .....                  (no boots)
Stlth    ++........             (no amulet)
HPRegen  0.07/turn              (no ring)
MPRegen  0.08/turn              (no ring)

@: no status effects
A: small, carnivore
a: no special abilities


You were on level 2 of the Dungeon.
You were very full.

You visited 1 branch of the dungeon, and saw 2 of its levels.

You collected 26 gold pieces.

Inventory:

Hand Weapons
 a - a +0 rapier (weapon)
Missiles
 d - 3 throwing nets (quivered)
Armour
 b - a +0 leather armour (worn)
 c - a +0 helmet (worn)
Scrolls
 i - a scroll of blinking {unknown}
Potions
 e - a potion of cancellation {unknown}
 g - a potion of magic {unknown}
 h - a potion of haste {unknown}
Comestibles
 f - 3 rations


   Skills:
 + Level 2.4 Fighting
 * Level 4.5 Short Blades
 - Level 2.1 Throwing
 + Level 0.6 Armour
 + Level 3.9 Dodging
 + Level 1.5 Stealth


You had 2 spell levels left.
You didn't know any spells.
Your spell library was empty.

Dungeon Overview and Level Annotations

Branches:
Dungeon (2/15)

Altars:

Annotations:
D:2 Natasha


Innate Abilities, Weirdness & Mutations

You are small and have problems with some larger weapons.
You are carnivorous and can eat meat at any time.


Message History

You barely miss Natasha.
Natasha is moderately wounded.
The shadow imp gestures at you.
You barely resist. Natasha completely misses you.
You hit Natasha.
Natasha is heavily wounded.
The shadow imp barely misses you. Natasha barely misses you.
You closely miss Natasha.
Natasha is heavily wounded.
The shadow imp hits you but does no damage.
Natasha casts a spell at you. The magic dart hits you!
You miss Natasha.
Natasha is heavily wounded.
The shadow imp completely misses you. Natasha misses you.
You hit Natasha.
Natasha is severely wounded.
The shadow imp gestures at you. Pain shoots through your body!
You die...

#....###...#
#
#....###.#.#
#........#.#
##.#.......#
#.#########
#.(........
##....###.
#....#
#.5@.#
#..h.#
+....+
#....#
####.. ...
... ....


You could see Natasha and a shadow imp.

Vanquished Creatures
  An ooze (D:1)
  A leopard gecko (D:1)
  A giant cockroach (D:1)
  5 goblins (D:1)
  2 hobgoblins (D:1)
  2 bats (D:1)
  3 kobolds (D:1)
  6 rats (D:1)
21 creatures vanquished.

Notes
Turn   | Place    | Note
-------+----------+-------------------------------------------
     0 | D:1      | Hasart the Kobold Gladiator began the quest for the Orb.
     0 | D:1      | Reached XP level 1. HP: 12/12 MP: 1/1
   170 | D:1      | Reached XP level 2. HP: 13/17 MP: 2/2
   292 | D:1      | Reached skill level 1 in Stealth
   391 | D:1      | Reached XP level 3. HP: 11/22 MP: 3/3
   956 | D:2      | Noticed Natasha
   970 | D:2      | Killed from afar by a shadow imp

Levels and vault maps discovered:
D:1:      minmay_arrival_cross, layout_basic
D:2:      layout_basic, uniq_natasha

Skill      XL: |  1  2 |
---------------+-------+-----
Stealth        | 1 |  1.5
Fighting       | |  2.4
Short Blades   | |  4.5
Throwing       | |  2.1
Armour         | |  0.6
Dodging        | |  3.9

Action                   || total
-------------------------++-------
Melee: Rapier            ||    78
  Eat: Chunk             ||     8
Armor: Leather armour    ||    19
Dodge: Dodged            ||    80

Table legend:
 A = Non-vault XP
 B = Vault XP
 C = Vault XP percentage of total XP
 D = Non-vault monster count
 E = Vault monster count
 F = Vault count percentage of total count
                 A         B        C        D         E       F
            +---------+---------+-------+---------+---------+-------
      Total |      38 |       0 |   0.0 |      21 |       0 |   0.0
            +---------+---------+-------+---------+---------+-------
        D:1 |      38 |       0 |   0.0 |      21 |       0 |   0.0
            +---------+---------+-------+---------+---------+-------
